[Event "3rd Avagyan Memorial 2022"]
[Site "Jermuk"]
[Date "2022.06.20"]
[Round "1.1"]
[White "Sargsyan, Shant"]
[Black "Niemann, Hans Moke"]
[Result "1/2-1/2"]
[ECO "E11"]
[WhiteElo "2641"]
[BlackElo "2656"]
[Annotator "TA"]
[PlyCount "57"]
[EventDate "2022.06.20"]
[EventType "tourn"]
[EventCountry "ARM"]
[SourceTitle "playchess.com"]
[Source "ChessBase"]
[SourceQuality "1"]
[TimeControl "40/5400+30:1800+30"]

1. d4 Nf6 2. c4 e6 3. g3 d5 4. Nf3 Bb4+ 5. Bd2 Be7 6. Bg2 O-O 7. O-O Nbd7 8. Qc2 c6 9. Bf4 b6 {[%emt 0:00:09] E11: Bogo-Indian.} 10. Nbd2 Nh5 11. Be5 {[%emt 0:00:11] 11.e3 is setting a new trend.} Bb7 {[%emt 0:05:38] The position is equal.} 12. cxd5 {[%emt 0:00:07] [#]} Nxe5 $146 ({Predecessor:} 12... cxd5 13. Bc7 Qe8 14. Rfc1 Rc8 15. Qd1 Nc5 16. Be5 Nd7 17. e3 Nhf6 18. Bf1 Nxe5 19. Nxe5 {1-0 (57) Istratescu,A (2645)-Hammer,J (2610) Eretria 2011}) 13. dxe5 {[%emt 0:02:29] [#] d6 is the strong threat.} cxd5 14. Rfc1 Qd7 15. Qc7 Rfd8 16. e3 {[%emt 0:01:29] And now g4 would win.} g6 17. Bf1 {[%emt 0:01:22][%cal Bg2f1,Bf1b5,Bb5e2][%mdl 32] Threatens to win with Qxd7.} Kf8 18. Qxd7 Rxd7 19. Bb5 Rdd8 20. Rc7 Rab8 21. Nd4 Rdc8 22. Rac1 {[%emt 0:01:02] 0x0.001b695847a8dp-1022s more active pieces. The black rooks are badly placed.} a6 23. Be2 (23. Bd7 $5 Rxc7 24. Rxc7 $14) 23... Rxc7 24. Rxc7 Bd8 25. Rc3 Rc8 26. Rxc8 Bxc8 27. Bxh5 gxh5 28. f4 a5 29. Kf2 {[%emt 0:04:32] Weighted Error Value: White=0.04 (flawless) /Black=0.05 (flawless)} 1/2-1/2

[Event "3rd Avagyan Memorial 2022"]
[Site "Jermuk"]
[Date "2022.06.20"]
[Round "1.2"]
[White "Gharibyan, Mamikon"]
[Black "Martirosyan, Haik M."]
[Result "1/2-1/2"]
[ECO "E15"]
[WhiteElo "2487"]
[BlackElo "2652"]
[Annotator "TA"]
[PlyCount "51"]
[EventDate "2022.06.20"]
[EventType "tourn"]
[EventCountry "ARM"]
[SourceTitle "playchess.com"]
[Source "ChessBase"]
[SourceQuality "1"]
[TimeControl "40/5400+30:1800+30"]

1. d4 Nf6 2. c4 e6 3. Nf3 b6 4. g3 Ba6 5. b3 Bb4+ 6. Bd2 Be7 7. Nc3 d5 8. cxd5 exd5 9. Bg2 O-O 10. O-O Re8 11. a3 {[%emt 0:00:30] E15: Queen's Indian: 4 g3 sidelines, 4 g3 Ba6 and 4 g3 Bb7 early deviations.} Nbd7 12. b4 c6 13. Ne5 Bb7 {[%emt 0:03:48] [#]} 14. e4 $146 ({Predecessor:} 14. Qb3 Nf8 15. e4 Ne6 16. Be3 dxe4 17. Nxe4 Nd5 18. Rad1 f6 19. Nd3 Qd7 20. Bh3 {1-0 (37) So,W (2765)-Supi,L (2577) Chess.com INT 2020}) 14... Nxe5 15. dxe5 d4 16. exf6 (16. Ne2 {is interesting.} Nd7 17. Nxd4 Nxe5 18. Bc3) 16... dxc3 17. fxe7 (17. Bxc3 {is more complex.} Bxf6 18. Qxd8 Raxd8 19. Bxf6 gxf6 20. Rfd1) 17... Qxd2 18. Qxd2 (18. Qa4 {looks sharper.} Qg5 19. Rac1 a5 20. Rxc3 Qxe7 21. Rb1) 18... cxd2 19. Rfd1 {[%emt 0:00:30] The position is equal.} Rxe7 20. Rxd2 Kf8 21. Rc1 a5 22. bxa5 Rxa5 23. Rd8+ Re8 24. Rd7 Re7 25. Rd8+ Re8 26. Rd7 {[%emt 0:00:04] A balanced but interesting game.  Weighted Error Value: White=0.09 (flawless) /Black=0.07 (flawless)} 1/2-1/2

[Event "3rd Avagyan Memorial 2022"]
[Site "Jermuk"]
[Date "2022.06.20"]
[Round "1.3"]
[White "Nihal Sarin"]
[Black "Petrosyan, Manuel"]
[Result "1-0"]
[ECO "D02"]
[WhiteElo "2646"]
[BlackElo "2638"]
[Annotator "TA"]
[PlyCount "75"]
[EventDate "2022.06.20"]
[EventType "tourn"]
[EventCountry "ARM"]
[SourceTitle "playchess.com"]
[Source "ChessBase"]
[SourceQuality "1"]
[TimeControl "40/5400+30:1800+30"]

1. d4 Nf6 2. Nf3 d5 3. c3 e6 4. Bf4 Bd6 5. e3 O-O (5... c5 {keeps more tension.} 6. dxc5 Bxc5 7. c4 Nc6) 6. Nbd2 {[%emt 0:00:07] D02: 1 d4 d5 2 Nf3 sidelines, including 2...Nf6 3 g3 and 2...Nf6 3 Bf4.} Bxf4 7. exf4 b6 8. h4 {[%emt 0:01:24][%cal Bh2h4,Bh4h5,Bh5h6][%mdl 32] The position is equal.} c5 9. h5 Qd6 10. h6 g6 11. g3 $1 a5 12. a3 Nc6 {[%emt 0:05:11] [#]} 13. Bd3 $5 $146 {[%emt 0:18:40][%mdl 8] New and interesting.} ({Predecessor:} 13. Qa4 Bd7 14. Qd1 Rab8 15. Bd3 b5 16. Ne5 cxd4 17. Nxc6 Bxc6 18. cxd4 b4 19. Qe2 bxa3 20. bxa3 {0-1 (67) Yurtseven,M (2400)-Yilmazyerli,M (2413) Antalya 2021}) 13... Ba6 14. Qe2 Bxd3 15. Qxd3 cxd4 (15... Ne7 {is more complex.} 16. Ne5 Qc7 17. Ndf3 Rae8) 16. Nxd4 Ne7 17. Kf1 Nf5 18. Nxf5 exf5 19. Qd4 b5 {[%emt 0:03:39] White stays focused until the end.} 20. g4 Rfd8 (20... fxg4 $2 21. Ne4 $1 Qd8 22. Nxf6+ $18) 21. gxf5 Ra6 22. fxg6 fxg6 23. Re1 Qf8 {[%emt 0:02:22] [#]} (23... Qb6 $16 {is a better defense.}) 24. Nf3 $1 $18 Nh5 (24... Ne4 {was worth a try.} 25. Ng5 Qf6) 25. Ng5 {[%emt 0:00:38][%cal Oh1h5] Threatens to win with Rxh5!} Nxf4 (25... Qxf4 26. Qxf4 Nxf4) 26. Rh4 Nh5 {[%emt 0:00:14] [#]} 27. Rxh5 $1 gxh5 28. Ne6 Rxe6 29. Rxe6 {[%emt 0:00:01][%mdl 4096] Endgame KQR-KQR} Qf7 30. Qe3 {[%emt 0:01:49] Qg5+ would kill now.} Rf8 31. Re7 (31. Qg3+ $142 Kh8 32. Re3) 31... Qf4 32. Rg7+ Kh8 {[%emt 0:00:01] ( -> ...Qxe3)} 33. Qxf4 Rxf4 34. Rb7 {[%emt 0:01:18] Intending Rb8+ and mate.} Kg8 35. Rxb5 d4 36. cxd4 a4 37. Rxh5 Rxd4 38. Rg5+ {[%emt 0:00:04] Weighted Error Value: White=0.19 (very precise) /Black=0.16 (very precise)} 1-0

[Event "3rd Avagyan Memorial 2022"]
[Site "Jermuk"]
[Date "2022.06.20"]
[Round "1.4"]
[White "Donchenko, Alexander"]
[Black "Ter-Sahakyan, Samvel"]
[Result "1-0"]
[ECO "A21"]
[WhiteElo "2599"]
[BlackElo "2640"]
[Annotator "TA"]
[PlyCount "75"]
[EventDate "2022.06.20"]
[EventType "tourn"]
[EventCountry "ARM"]
[SourceTitle "playchess.com"]
[Source "ChessBase"]
[SourceQuality "1"]
[TimeControl "40/5400+30:1800+30"]

1. c4 e5 2. Nc3 Bb4 3. Nd5 Be7 4. d4 exd4 5. Qxd4 Nf6 6. Nxe7 {[%emt 0:00:09] A21: English Opening: 1...e5 2 Nc3.} Qxe7 7. Bg5 Nc6 8. Qc3 {[%emt 0:00:08] White has an edge.} d6 9. Nf3 Be6 10. e3 Rg8 11. Bxf6 {[%emt 0:04:08] [#]} Qxf6 $146 ({Predecessor:} 11... gxf6 12. O-O-O O-O-O 13. Nd4 Nxd4 14. Rxd4 c5 15. Rf4 f5 16. g3 Rg4 17. a3 Rxf4 18. exf4 {½-½ (42) Cronje,H (2188)-Siburian,C (2294) ICCF email 2020}) 12. Qxf6 gxf6 13. g3 Ke7 14. Be2 Ne5 15. Nd2 c5 (15... f5 $11 {was preferrable.}) 16. Rc1 ({Better is} 16. f4 $14 Ng4 17. e4) 16... a6 17. f4 Nc6 18. Kf2 Rab8 19. Rhd1 b5 20. b3 Rgd8 21. g4 Nb4 (21... f5 $11 {keeps the balance.}) 22. a3 $16 {[%emt 0:00:46] White stays focused until the end.} Nc6 23. cxb5 axb5 {[%emt 0:00:16] [#]} 24. b4 $1 c4 25. Ne4 Ra8 {[%emt 0:06:35] [#]} ({Black should try} 25... d5 26. Nc3 d4 27. exd4 Nxd4) 26. Ra1 $1 {[%emt 0:01:57] White is more active.} d5 27. Nc3 d4 (27... h5 $142) 28. Nxb5 $18 d3 29. Bf3 Na7 30. Nc3 ({Don't do} 30. Bxa8 $6 Nxb5 31. Bf3 c3 $16) 30... Rab8 31. f5 Bd7 32. a4 ({Not} 32. Nd5+ Kf8 $16) 32... Bc6 (32... Nc6 $142 33. Bxc6 Bxc6) 33. b5 Bxf3 34. Kxf3 Kd6 35. Ne4+ {[%emt 0:01:40] White is clearly winning.} Kd5 (35... Ke7 $142 36. Rac1 Nc8 37. Rxc4 Nb6) 36. Rac1 {[%emt 0:00:45][%cal Od1d3] Threatens to win with Rxd3+!} Rdc8 37. Kf4 Rb6 38. Rc3 {[%emt 0:01:13] Weighted Error Value: White=0.06 (flawless) /Black=0.30} 1-0

[Event "3rd Avagyan Memorial 2022"]
[Site "Jermuk"]
[Date "2022.06.20"]
[Round "1.5"]
[White "Nguyen, Thai Dai Van"]
[Black "Tabatabaei, M. Amin"]
[Result "1/2-1/2"]
[ECO "B30"]
[WhiteElo "2612"]
[BlackElo "2650"]
[Annotator "TA"]
[PlyCount "63"]
[EventDate "2022.06.20"]
[EventType "tourn"]
[EventCountry "ARM"]
[SourceTitle "playchess.com"]
[Source "ChessBase"]
[SourceQuality "1"]
[TimeControl "40/5400+30:1800+30"]

1. e4 c5 2. Nf3 Nc6 3. Bb5 e6 4. O-O Nge7 5. Re1 h6 6. b3 {[%emt 0:07:55] B30: Sicilian: 2...Nc6 3 Bb5, lines without ...g6.} (6. c3 $5 ) 6... a6 7. Bxc6 Nxc6 8. Bb2 {[%emt 0:00:04] White is slightly better.} b5 {[%emt 0:03:46] [#]} 9. a4 $146 {[%emt 0:00:15] aiming for axb5.} ({Predecessor:} 9. Nc3 Be7 10. a4 bxa4 11. Nxa4 O-O 12. d4 cxd4 13. Nxd4 Bb7 14. Nxc6 Bxc6 15. Qd4 {½-½ (32) Vachier Lagrave,M (2750)-Giri,A (2761) Stavanger 2022}) 9... b4 10. d3 h5 11. Nbd2 f6 (11... d6 $14) 12. e5 d5 13. exd6 Bxd6 14. Nc4 Bc7 15. Qe2 Qd5 16. Rad1 e5 (16... Nd4 $14 17. Nxd4 cxd4) 17. d4 $1 $16 cxd4 18. Nxd4 Nxd4 19. Bxd4 (19. Rxd4 Qf7 $14) 19... Bb7 20. f4 {[%emt 0:01:58][%cal Rd4e5,Bf2f4,Bf4e5,Be5f6][%mdl 32] Black must now prevent Bxe5! Active counter play!} O-O 21. fxe5 ({Much less strong is} 21. Bxe5 Qc5+ 22. Bd4 Qc6 $14) 21... Rae8 {[%emt 0:01:37] [#]} 22. Ne3 $1 $36 {[%emt 0:04:17][%mdl 2048] Keeping Black busy.} Qe4 {[%emt 0:03:16] [#]} 23. exf6 ({Reject} 23. Qxh5 $6 Bxe5 24. Qe2 Bb8 $14) ({Don't play} 23. Qc4+ $6 Rf7 $14) 23... Bf4 24. Qf2 {[%emt 0:05:25][%cal Oe3g4] Strongly threatening Ng4!} Qg6 {[%emt 0:13:46] Against Ng4} 25. Qxf4 Rxe3 26. Qf2 Re4 27. Rxe4 Bxe4 28. Rd2 gxf6 29. Bc5 Rc8 30. Qd4 a5 31. Qd7 Qf5 $11 (31... Rxc5 $2 32. Qd8+ Kg7 33. Rd7+ Qf7 34. Rxf7+ Kxf7 35. Qd7+ Kg6 36. Qe8+ Kg5 37. Qxe4 $18) 32. Qxf5 {[%emt 0:00:17] Weighted Error Value: White=0.10 (very precise) /Black=0.12 (very precise)} 1/2-1/2

[Event "3rd Avagyan Memorial 2022"]
[Site "Jermuk"]
[Date "2022.06.21"]
[Round "2.2"]
[White "Ter-Sahakyan, Samvel"]
[Black "Nguyen, Thai Dai Van"]
[Result "1/2-1/2"]
[ECO "C84"]
[WhiteElo "2640"]
[BlackElo "2612"]
[Annotator "TA"]
[PlyCount "109"]
[EventDate "2022.06.20"]
[EventType "tourn"]
[EventCountry "ARM"]
[SourceTitle "playchess.com"]
[Source "ChessBase"]
[SourceQuality "1"]
[TimeControl "40/5400+30:1800+30"]

1. e4 e5 2. Nf3 Nc6 3. Bb5 a6 4. Ba4 Nf6 5. O-O Be7 6. d3 b5 7. Bb3 O-O 8. h3 {[%emt 0:00:30] C84: Closed Ruy Lopez: Unusual White 6th moves.} d5 9. Nc3 {[%emt 0:00:30][%cal Rc3d5] [#]} dxe4 $146 ({Predecessor:} 9... d4 10. Nd5 h6 11. Bd2 Re8 12. c3 Be6 13. Re1 Bc5 14. a4 bxa4 15. Bxa4 Bd7 {1-0 (48) Shi Zheng,J (1329)-Rivero Castellano,C (1591) Lanzarote 2018}) 10. Nxe4 Bb7 11. Ng3 h6 12. Re1 Bc5 13. c3 Re8 14. Nh2 Na5 15. Bc2 $1 {[%emt 0:00:30] [#] Hoping for b4.} Qd5 16. Nf3 {[%emt 0:00:30] And now b4 would win.} Nc6 17. b4 Bf8 18. a4 Rad8 19. Bd2 Qd7 20. Ne4 Nxe4 21. dxe4 Ne7 22. Qe2 Nc8 23. Be3 Nd6 24. Nd2 Bc6 25. a5 Qc8 26. Rad1 Bd7 27. Bc5 Nb7 28. Bxf8 Kxf8 29. Nf3 Nd6 30. Qe3 Kg8 31. Qc5 f6 ({Resist} 31... Nc4 32. Bb3 $16) 32. Nd2 Be6 33. Nf1 Rd7 34. Ne3 Red8 35. Nd5 Bxd5 36. Qxd5+ Kh8 37. Qc6 Qb7 38. Qc5 Qc8 39. Qc6 Qb7 $1 40. Qc5 Qc8 41. f3 Qb8 42. Qc6 Qb7 43. Qxb7 Nxb7 44. Rxd7 Rxd7 45. Rd1 Rxd1+ 46. Bxd1 $11 {[%emt 0:00:30][%cal Oc3c4][%mdl 4096] Endgame KB-KN} Kg8 47. Bb3+ Kf8 48. c4 {[%emt 0:00:30] [#] cxb5 is the strong threat.} c6 49. Kf2 Ke7 50. Ke3 Nd6 51. cxb5 (51. c5 $5 Nf7 52. h4 $14) 51... cxb5 {[%emt 0:00:30] The position is equal.} 52. f4 g6 53. Bd5 Kf8 54. g3 Kg7 55. h4 {[%emt 0:00:30] Weighted Error Value: White=0.05 (flawless) /Black=0.05 (flawless)} 1/2-1/2

[Event "3rd Avagyan Memorial 2022"]
[Site "Jermuk"]
[Date "2022.06.21"]
[Round "2.3"]
[White "Petrosyan, Manuel"]
[Black "Donchenko, Alexander"]
[Result "1-0"]
[ECO "D38"]
[WhiteElo "2638"]
[BlackElo "2599"]
[Annotator "TA"]
[PlyCount "95"]
[EventDate "2022.06.20"]
[EventType "tourn"]
[EventCountry "ARM"]
[SourceTitle "playchess.com"]
[Source "ChessBase"]
[SourceQuality "1"]
[TimeControl "40/5400+30:1800+30"]

1. d4 Nf6 2. c4 e6 3. Nf3 d5 4. Nc3 Bb4 5. Qa4+ Nc6 6. e3 O-O 7. Qc2 {[%emt 0:00:32] D38: Queen's Gambit Declined: Ragozin Defence (4 Nf3 Bb4).} Re8 8. Bd2 Bf8 {[%emt 0:01:15] The main line 8...Bf8 scores better than 8...a6.} 9. Be2 {[%emt 0:00:30] The position is equal.} dxc4 10. Bxc4 {[%emt 0:00:22] [#]} b6 $146 ({Predecessor:} 10... Nb4 11. Qb1 b6 12. O-O Bb7 13. Rd1 Qc8 14. a3 Nbd5 15. Bd3 c5 16. dxc5 Qxc5 17. Nxd5 Qxd5 {½-½ (33) Carlsen,M (2863)-Ding,L (2791) chess24.com INT 2020}) 11. a3 Bb7 12. O-O Na5 13. Bb5 c6 14. Bd3 (14. Be2 $5 c5 15. dxc5 $14) 14... c5 15. dxc5 bxc5 (15... Nb3 $5 ) 16. Ng5 g6 17. Nce4 Be7 $2 {[%emt 0:05:40] [#]} (17... Nxe4 $11 {and Black has nothing to worry.} 18. Bxe4 (18. Nxe4 c4 $11) 18... Qxg5 19. Bxa5 Bxe4 20. Qxe4 Bg7) 18. Nxf7 $1 $18 Kxf7 (18... Qd5 19. Nxf6+) 19. Ng5+ Kg8 {[%emt 0:00:03][%cal Od8d5] ...Qd5! is the strong threat.} 20. Bxa5 Qxa5 {[%emt 0:00:36] [#]} 21. Bxg6 $1 Kh8 {[%emt 0:05:04] And now ...c4 would win.} (21... Rf8 22. Nxe6) 22. Bxh7 {[%emt 0:02:28] Nf7+ would kill now.} ({Reject} 22. Bxe8 $6 Rxe8 23. Nxe6 Qb6 $11) 22... Rf8 {[%emt 0:02:17][%cal Oc5c4] Inhibits Nf7+.} 23. Qg6 {[%emt 0:00:21] Black must now prevent Qh6.} c4 {[%emt 0:00:52][%cal Oa5f5] Strongly threatening ...Qf5!} 24. Nxe6 Rg8 {[%emt 0:00:42] Inhibits Qg7+.} 25. Bxg8 $40 {[%emt 0:00:06][%mdl 128] Black is in trouble. Dancing on a razor blade. White is more active.} Rxg8 26. Qh6+ Nh7 {[%emt 0:00:07][%mdl 1024] Black has compensation.} 27. Nf4 {[%emt 0:00:22] Hoping for Ng6+.} Qf5 {[%emt 0:07:27] [#] Against Ng6+} (27... Qg5 $16 28. Qxg5 Nxg5) 28. f3 $1 Bg5 (28... Bc5 $142 29. Rae1 Qf6 30. Qxf6+ Nxf6) 29. Qd6 ({But not} 29. Qh5 $6 Bc6 30. Rfe1 Qf6 $18) 29... Bf6 30. Rf2 Ng5 31. Kh1 Ba8 (31... Rc8 {might work better.} 32. Rc1 Nf7) 32. Raf1 Nf7 33. Qe6 (33. Qa6 $18) 33... Qxe6 $16 34. Nxe6 Ne5 35. Rd2 Rb8 36. Rc1 Rb6 37. Nf4 Rb8 (37... Bb7 $142 38. h3 Bh4) 38. h3 a5 39. Rcc2 Bg7 40. Ne6 Nxf3 $2 (40... Bf6 41. e4 Rc8) 41. gxf3 $18 {[%emt 0:03:17] White is clearly winning.} Bxf3+ 42. Kg1 c3 43. bxc3 Bf6 44. Rf2 Rg8+ (44... Be4 $142 45. Rcd2 Bxc3) 45. Kf1 Be4 {[%emt 0:00:05] [#]} 46. Rxf6 $1 Bxc2 47. Rh6+ Bh7 48. h4 {[%emt 0:00:12] Weighted Error Value: White=0.13 (very precise) /Black=0.36} 1-0

[Event "3rd Avagyan Memorial 2022"]
[Site "Jermuk"]
[Date "2022.06.21"]
[Round "2.5"]
[White "Sargsyan, Shant"]
[Black "Gharibyan, Mamikon"]
[Result "1/2-1/2"]
[ECO "C82"]
[WhiteElo "2641"]
[BlackElo "2487"]
[Annotator "TA"]
[PlyCount "103"]
[EventDate "2022.06.20"]
[EventType "tourn"]
[EventCountry "ARM"]
[SourceTitle "playchess.com"]
[Source "ChessBase"]
[SourceQuality "1"]
[TimeControl "40/5400+30:1800+30"]

1. e4 e5 2. Nf3 Nc6 3. Bb5 a6 4. Ba4 Nf6 5. O-O Nxe4 6. d4 b5 7. Bb3 d5 8. dxe5 Be6 9. c3 Bc5 10. Qe2 O-O 11. Be3 Bxe3 12. Qxe3 f5 {[%emt 0:15:08] C82: Open Ruy Lopez: 9 c3 without 9...Be7.} 13. exf6 Qxf6 14. Nbd2 Rae8 15. Rfe1 {[%emt 0:11:47] [#]} Na5 $146 ({Predecessor:} 15... Nxd2 16. Qxd2 Ne7 17. Ng5 Bf7 18. Bc2 Nf5 19. a4 c6 20. Nxf7 Qxf7 21. Qf4 Rxe1+ 22. Rxe1 Nd6 {½-½ (22) Zlebcik,L (2469)-Bertino,G (2474) ICCF corr 2002}) 16. Nxe4 dxe4 17. Bxe6+ Qxe6 18. Ng5 Qg6 19. b3 {[%emt 0:00:16][%cal Rg5e4] Against Nc4} Nb7 $1 20. Nxe4 Nd6 21. f3 Nxe4 22. fxe4 Re5 23. Re2 Rfe8 24. Rae1 c5 25. Qf4 h6 26. Re3 Qe6 27. Qf2 Qg6 28. Qe2 Qe6 29. h3 Kh7 30. Kh1 Kg8 31. Qd3 Qc6 32. a3 Qe6 33. c4 bxc4 34. bxc4 Qc6 35. Qc2 Kh8 36. Qb2 Qa4 (36... Rxe4 37. Rxe4 Rxe4 38. Qb8+ Kh7 39. Qb1 $18) 37. Qc3 Qc6 38. Rg3 Kh7 39. Rg4 (39. Rf1 $5 Qd7 40. Rf5 $14) 39... Qd7 40. Qg3 Qf7 41. Qd3 Qe7 42. Qg3 Rd8 {[%emt 0:01:50] The position is equal.} 43. Rg6 Rd2 44. Qc3 {[%emt 0:04:21] aiming for Rxg7+.} ({Of course not} 44. Rxa6 Rg5 45. Qh2 Rgxg2 46. Qxg2 Rxg2 47. Kxg2 Qg5+ 48. Kf1 Qf4+ 49. Kg2 Qd2+ 50. Kf1 Qd3+ 51. Re2 Qxc4 $17) 44... Rd4 ({Don't play} 44... Kxg6 45. Qxd2 Qf7 46. Qc2 $14) 45. Rxa6 Rexe4 46. Qc2 Rxc4 47. Qb1 Rcd4 48. Rc6 c4 49. a4 Rd3 50. Rc1 Qd7 (50... Rb3 $5 51. Qc2 Rd3 52. Rxc4 Re1+ 53. Rxe1 Qxe1+ 54. Kh2 Qe5+ 55. Kh1 Qe1+ 56. Kh2 Qe5+ 57. Kh1 Qe1+ $11) 51. R6xc4 Rxh3+ 52. gxh3 {[%emt 0:00:37] Weighted Error Value: White=0.05 (flawless) /Black=0.04 (flawless)} 1/2-1/2

[Event "3rd Avagyan Memorial 2022"]
[Site "Jermuk"]
[Date "2022.06.22"]
[Round "3.1"]
[White "Gharibyan, Mamikon"]
[Black "Niemann, Hans Moke"]
[Result "0-1"]
[ECO "E94"]
[WhiteElo "2487"]
[BlackElo "2656"]
[Annotator "TA"]
[PlyCount "84"]
[EventDate "2022.06.20"]
[EventType "tourn"]
[EventCountry "ARM"]
[SourceTitle "playchess.com"]
[Source "ChessBase"]
[SourceQuality "1"]
[TimeControl "40/5400+30:1800+30"]

1. d4 Nf6 2. c4 g6 3. Nc3 Bg7 4. e4 d6 5. Nf3 O-O 6. Be2 e5 7. O-O Bg4 8. d5 a5 9. Ne1 {[%emt 0:20:33] E94: King's Indian: Classical: 6 Be2 e5 7 0-0: Various Black 7th moves.} Bd7 10. Nd3 Na6 11. Bg5 {[%emt 0:22:38] White is slightly better.} h6 12. Be3 b6 13. Qd2 Kh7 {[%emt 0:00:17] [#]} 14. Rae1 $146 ({Predecessor:} 14. f4 exf4 15. Rxf4 Qe7 16. Raf1 g5 17. R4f2 Rae8 18. Bf3 Ng4 19. Bxg4 Bxg4 20. h3 {0-1 (30) Vogel,R (2452)-Erigaisi,A (2632) Wijk aan Zee 2022}) 14... Qe7 15. Bd1 Nc5 16. Nxc5 bxc5 17. f4 exf4 18. Bxf4 {[%emt 0:00:07] aiming for e5.} Ng8 19. a4 Be5 20. Kh1 Kg7 21. Ne2 Bg4 22. Nc1 Bxd1 23. Qxd1 Bxb2 24. Nd3 Bc3 25. Re2 f6 26. Bd2 Bxd2 27. Qxd2 g5 $1 {[%emt 0:00:02] Prevents Nf4.} 28. Qc3 Qd7 29. Rb2 Rfe8 (29... Qxa4 $2 30. Rb5 $18) 30. Nf2 Qxa4 (30... Reb8 $1 $15) 31. Ng4 $11 Rf8 {[%emt 0:00:08] Threatens to win with ...Qe8.} (31... Rxe4 $2 32. Nxf6 Re5 33. Ng4 $18) 32. h4 $2 {[%emt 0:00:53] [#]} (32. Rb5 $1 $11 h5 33. Ne3 (33. Ra1 $2 Qb4 $19)) 32... Qd7 (32... gxh4 33. Rb5 Qa2 34. Rb2 $11) (32... Qe8 $1 $17 33. Ne3 Kh8 34. hxg5 hxg5) 33. Ne3 $1 $15 Rae8 (33... a4 $17) 34. hxg5 hxg5 {[%emt 0:00:17] And now ...Nh6 would win.} 35. Nf5+ Kg6 {[%emt 0:00:06] Strongly threatening ...Nh6.} 36. Qxa5 $2 {[%emt 0:01:29][%mdl 8192] [#] This move loses the game for White.} ({White should try} 36. Kg1 $15) 36... Nh6 37. Rb7 $2 (37. Nxh6 {was called for.} Rxe4 38. Qc3 (38. Nf5 $2 Rh8+ 39. Kg1 Qh7 $19) 38... Rh4+ 39. Kg1 Rxh6 40. Rbf2) 37... Rf7 (37... Rxe4 $142 38. Rxc7 Qxf5 39. Rxf5 Nxf5) 38. Qc3 Nxf5 (38... Rxe4 39. Qc2 Qxf5 40. Rxf5 Rh4+ 41. Kg1 Nxf5 42. Rb8 $15) 39. exf5+ Kg7 40. Kg1 Rfe7 41. Qf3 (41. Qa5 $142) 41... Rh8 $19 42. Rbb1 Qe8 {[%emt 0:00:13] Weighted Error Value: White=0.42/Black=0.21 (precise)} 0-1

[Event "3rd Avagyan Memorial 2022"]
[Site "Jermuk"]
[Date "2022.06.22"]
[Round "3.2"]
[White "Nihal Sarin"]
[Black "Sargsyan, Shant"]
[Result "1/2-1/2"]
[ECO "C47"]
[WhiteElo "2646"]
[BlackElo "2641"]
[Annotator "TA"]
[PlyCount "34"]
[EventDate "2022.06.20"]
[EventType "tourn"]
[EventCountry "ARM"]
[SourceTitle "playchess.com"]
[Source "ChessBase"]
[SourceQuality "1"]
[TimeControl "40/5400+30:1800+30"]

1. e4 e5 2. Nf3 Nc6 3. Nc3 Nf6 4. d4 exd4 5. Nxd4 Bb4 6. Nxc6 bxc6 7. Bd3 d5 8. exd5 O-O {[%emt 0:00:04] now supersedes 8...cxd5.} 9. O-O cxd5 10. h3 {[%emt 0:00:26] C47: Scotch Four Knights and Four Knights with 4 g3.} c6 {[%emt 0:01:01] [#] A rather calm draw.} {Predecessor:} 11. Qf3 $146 Re8 12. Bf4 Bd6 13. Ne2 Rb8 14. b3 Be6 15. Rfd1 Bxf4 16. Nxf4 Qd7 17. c4 d4 {½-½ (38) Xiong,J (2685)-Alekseenko,K (2698) Chess.com INT 2022} 1/2-1/2

[Event "3rd Avagyan Memorial 2022"]
[Site "Jermuk"]
[Date "2022.06.22"]
[Round "3.3"]
[White "Donchenko, Alexander"]
[Black "Martirosyan, Haik M."]
[Result "1/2-1/2"]
[ECO "A06"]
[WhiteElo "2599"]
[BlackElo "2652"]
[Annotator "TA"]
[PlyCount "51"]
[EventDate "2022.06.20"]
[EventType "tourn"]
[EventCountry "ARM"]
[SourceTitle "playchess.com"]
[Source "ChessBase"]
[SourceQuality "1"]
[TimeControl "40/5400+30:1800+30"]

1. Nf3 d5 2. e3 c5 3. b3 g6 4. Bb2 Nf6 5. c4 Bg7 6. cxd5 {[%emt 0:00:21] A06: Réti Opening: 1 Nf3 d5.} Qxd5 7. Bb5+ Bd7 8. Nc3 {[%emt 0:01:06] [#]} Qd6 $146 ({Predecessor:} 8... Qh5 9. O-O O-O 10. Be2 Nc6 11. Rc1 Qh6 12. Nb5 b6 13. d4 cxd4 14. Nbxd4 Rfd8 {0-1 (40) Steinle,C (2174)-Baerwolf,S (2087) Dortmund 2015}) 9. Ne4 Qb6 10. Bc4 O-O 11. Nxf6+ Bxf6 12. Ne5 Be6 13. Qf3 ({White should play} 13. O-O $11) 13... Qc7 (13... Qd6 {keeps more tension.} 14. Qxb7 Bxe5 15. Bxe5 Qxe5 16. d4 cxd4 17. Qxa8 Bxc4 18. bxc4 Qa5+) 14. Qg3 Qd6 15. Bc3 Bxc4 (15... Nd7 {seems wilder.} 16. Nxd7 Qxd7 17. Bxf6 exf6 18. Qh4 Rfd8) 16. Nxc4 Qxg3 17. hxg3 {[%emt 0:00:05] The position is equal.} Nd7 18. g4 Rfd8 19. Rc1 Bxc3 20. Rxc3 Nf6 21. Ne5 Ne4 22. Rc2 Rd5 23. Nf3 Rad8 24. Ke2 Kg7 25. Rb1 h6 26. Rbb2 {[%emt 0:01:06] Weighted Error Value: White=0.11 (very precise) /Black=0.09 (flawless)} 1/2-1/2